 Dungeon Crawl Stone Soup version 0.28.0-49-g6dfe1f597d (webtiles) character file.

Game seed: 16522957711646225107

6914 issech the Basher (level 10, -2/88 HPs)
             Began as a Troll Monk on May 12, 2022.
             Was an Elder of Hepliaklqana.
             Slain by a sixfirhy (10 damage)
             ... on level 2 of the Abyss.
             The game lasted 00:34:19 (8846 turns).

issech the Basher (Troll Monk)                      Turns: 8846, Time: 00:34:21

Health: -2/88      AC: 10    Str: 27    XL:     10   Next: 79%
Magic:  9/9        EV: 27    Int:  6    God:    Hepliaklqana [****..]
Gold:   358        SH:  9    Dex: 16    Spells: 9/9 levels left

rFire   . . .      SeeInvis .   V - +0 morningstar
rCold   . . .      Faith    .   t - +0 kite shield
rNeg    . . .      Spirit   .   u - +2 robe {Archmagi}
rPois   .          Reflect  .   (helmet restricted)
rElec   .          Harm     .   (no cloak)
rCorr   .          Rampage  .   (gloves unavailable)
Will    .....      Archmagi +   (boots unavailable)
Stlth   ++........              h - amulet of the acrobat
HPRegen 1.04/turn               f - +4 ring of protection
MPRegen 0.11/turn               N - ring "Rida" {+Blink Str+6}

@: acrobatic, studying Unarmed Combat
A: reduced essence, large, unfitting armour, claws 3, regeneration 1, shaggy fur
1, tough skin 1
a: Renounce Religion, Evoke Blink, Recall Ancestor, Ancestor Identity,
Transference, Idealise


You were on level 2 of the Abyss.
You worshipped Hepliaklqana.
Hepliaklqana was greatly pleased with you.
You visited 2 branches of the dungeon, and saw 10 of its levels.
You visited the Abyss 1 time.

You collected 414 gold pieces.
You spent 56 gold pieces at shops.

Inventory:

Hand Weapons
 a - a +0 mace
 n - a +0 dagger of holy wrath
 o - a +0 hunting sling
 C - a +0 giant spiked club
 I - a +0 vorpal hand axe
 O - a +0 short sword of protection
 S - a +2 vorpal trident
 U - a +3 spear
 V - a +0 morningstar (weapon)
Missiles
 c - 389 stones (quivered)
 k - 97 arrows
 m - 87 sling bullets
 q - a throwing net
 w - 3 atropa-tipped darts
 x - 15 bolts
 D - 5 poisoned darts
 K - a curare-tipped dart
 R - 3 boomerangs
Armour
 t - a +0 kite shield (worn)
 u - a +2 robe of the Archmagi (worn)
 E - +0 steam dragon scales
Magical Staves
 L - a staff of cold
Jewellery
 f - a +4 ring of protection (left claw)
 h - an amulet of the acrobat (around neck)
 F - a +4 ring of protection
 N - the ring "Rida" (right claw) {+Blink Str+6}
   (You found it on level 7 of the Dungeon)

   [ring of strength]

   Str:       It affects your strength (+6).
   +Blink:    It lets you blink.
Wands
 y - a wand of digging (7)
 J - a wand of mindburst (6)
 Q - a wand of flame (10)
 W - a wand of paralysis (3)
Scrolls
 b - 4 scrolls of fog
 d - 2 scrolls of identify
 e - a scroll of torment
 i - 7 scrolls of teleportation
 v - 5 scrolls of enchant armour
 z - a scroll of enchant weapon
 A - 3 scrolls of noise
 B - a scroll of blinking
 M - a scroll of fear
 T - a scroll of vulnerability
Potions
 g - 2 potions of haste {unknown}
 j - 4 potions of flight {unknown}
 l - 3 potions of curing {unknown}
 p - a potion of cancellation {unknown}
 r - a potion of might {unknown}
 s - 3 potions of heal wounds {unknown}
 G - a potion of degeneration {unknown}
 H - a potion of mutation {unknown}
 P - a potion of brilliance {unknown}


   Skills:
 + Level 5.8 Fighting
 + Level 3.0 Short Blades
 + Level 9.0 Maces & Flails
 + Level 1.9 Throwing
 + Level 7.1 Dodging
 + Level 3.0 Stealth
 + Level 5.4 Shields


You had 9 spell levels left.
You didn't know any spells.
Your spell library contained the following spells:

 Spells                   Type           Power      Damage    Failure   Level
 Animate Dead             Necr           0%         N/A       100%        4
 Haunt                    Necr/Summ      0%         N/A       100%        7
 Infestation              Necr           0%         N/A       100%        8


Dungeon Overview and Level Annotations

Branches:
Dungeon (9/15)             Temple (1/1) D:5            Lair (0/6) D:8
    Orc: D:9-12

Altars:
Ashenzari
Cheibriados
Dithmenos
Elyvilon
Fedhas
Gozag
Hepliaklqana
Kikubaaqudgha
Makhleb
Nemelex Xobeh
Okawaru
Qazlal
Ru
Sif Muna
Trog
Uskayaw
Vehumet
Wu Jian
Xom
Yredelemnul
Zin
The Shining One

Shops:
D:2 *   D:6 ?!   D:7 !   D:9 *

Annotations:
D:5 2 transporters, Zeld's ghost, novice MiBe
D:9 Erolcha


Innate Abilities, Weirdness & Mutations

Your life essence is reduced to manifest your ancestor. (-10% HP)
You are too large for most types of armour.
You have claws for hands.
Your natural rate of healing is unusually fast.
You are covered in fur. (AC +1)
You have tough skin. (AC +1)


Message History

A sixfirhy comes into view.
You block the quasit's attack. x2; The quasit misses you.
An angel comes into view. It is wielding a +3 whip of holy wrath.
The small abomination hits you!
A smoke demon comes into view.
Found a plate armour.
The smoke demon roars!
You hear a shout!
The small abomination closely misses you.
A starcursed mass splits.
You block the quasit's attack. The quasit misses you.
You block the quasit's attack.
The small abomination barely misses you.
A starcursed mass splits.
Zorana has departed this plane of existence.
The small abomination closely misses you.
A starcursed mass splits.
A deafening chorus of shrieks assaults your mind!
You suddenly lose the ability to move!
A starcursed mass splits.
You can move again.
A bone dragon comes into view.
A deafening chorus of shrieks assaults your mind!
A thrashing horror comes into view.
The small abomination completely misses you.
The smoke demon gestures at you. The sticky flame hits you.
You are covered in liquid flames!
You are covered in liquid flames!
The thrashing horror roars!
The sixfirhy barely misses you.
A deafening chorus of shrieks assaults your mind!
An ufetubus comes into view.
You block the sky beast's attack.
You are covered in liquid flames!
You are no longer on fire.
The sixfirhy hits you. The sixfirhy shocks you!
* * * LOW HITPOINT WARNING * * *
The sixfirhy misses you. The sixfirhy hits you!
* * * LOW HITPOINT WARNING * * *
The sixfirhy shocks you!
You die...

.. #.. #..# ..# ..
..##..##..##..##..
................ ..
.............. .. # #..
#X.##..##..# ..
#..##..##..##..##..##..
.........Y..X..........
.......@3x.hh..........
#..##..##..##.A##..## .
#.. #3X##..##..## .
........x.3h......X.
.......X...........X.
#..##.#.#.#..#..#..##hX
#5. #..[XXD$}[#.#. ##.
.. .. #.XX.###A..v....
..X.. ........


You could see a starcursed mass, an angel, a thrashing horror, a large
abomination, a sixfirhy, 2 raiju, a sky beast, 2 small abominations and an
ufetubus.

Vanquished Creatures
  A two-headed ogre (D:9)
  A slime creature (D:8)
  Sigmund (D:3)
  4 yaks
  A steam dragon (D:4)
  An orc warrior (D:9)
  A necrophage (D:5)
  An ogre (D:6)
  3 phantoms
  A kobold brigand (D:6)
  A water moccasin zombie (D:5)
  3 scorpions
  5 wights
  5 killer bees
  2 howler monkeys (D:8)
  A bullfrog zombie (D:7)
  A centaur zombie (D:8)
  2 orc priests
  A centaur skeleton (D:5)
  A jelly (D:7)
  2 hounds
  An orc wizard (D:4)
  2 ogre zombies (D:9)
  A hound zombie (D:5)
  A hound skeleton (D:4)
  4 gnolls
  6 adders
  A shadow imp (D:5)
  2 white imps
  2 dart slugs
  16 orcs
  4 bats
  5 endoplasms
  2 giant cockroaches
  12 goblins
  5 hobgoblins
  13 kobolds
  A quokka (D:2)
  6 ball pythons
  3 frilled lizards
  A goblin skeleton (D:9)
  A goblin zombie (D:9)
  3 hobgoblin zombies (D:9)
  6 orc zombies (D:9)
  4 rats
141 creatures vanquished.

Vanquished Creatures (collateral kills)
  Harold (D:9)
  A slime creature (D:9)
  6 yaks
  2 steam dragons (D:8)
  2 orc warriors
  A black bear (D:6)
  An ogre (D:7)
  4 bullfrogs
  A gnoll sergeant (D:7)
  A wyvern skeleton (D:7)
  6 killer bees (D:8)
  2 wights (D:8)
  3 hounds
  A quasit (Abyss:2)
  A centaur zombie (D:5)
  A centaur skeleton (D:7)
  2 gnoll shamans (D:6)
  An iguana (D:7)
  5 orc wizards
  7 gnolls
  2 adders
  A white imp (D:7)
  8 orcs
  2 kobolds (D:6)
  A goblin zombie (D:9)
  An orc zombie (D:9)
64 creatures vanquished.

Vanquished Creatures (others)
  5 battlemagi
5 creatures vanquished.

Grand Total: 210 creatures vanquished

Notes
Turn   | Place    | Note
-------+----------+-------------------------------------------
     0 | D:1      | issech the Troll Monk began the quest for the Orb.
     0 | D:1      | Reached XP level 1. HP: 22/22 MP: 0/0
   144 | D:1      | Reached XP level 2. HP: 26/29 MP: 1/1
   195 | D:1      | Reached skill level 3 in Maces & Flails
   246 | D:1      | Found a faded altar of an unknown god.
   480 | D:1      | Reached XP level 3. HP: 36/36 MP: 2/2
   618 | D:2      | Found Lackits's General Store.
   689 | D:2      | Found a snail-covered altar of Cheibriados.
  1381 | D:3      | Noticed a scorpion
  1392 | D:3      | Killed a scorpion
  1393 | D:3      | Reached XP level 4. HP: 16/44 MP: 3/3
  1594 | D:2      | Bought 2 scrolls of identify for 56 gold pieces
  1859 | D:3      | Found a hide-covered altar of Uskayaw.
  1903 | D:3      | Noticed Sigmund
  1966 | D:3      | Killed Sigmund
  1967 | D:3      | Reached skill level 4 in Maces & Flails
  1967 | D:3      | Reached XP level 5. HP: 48/53 MP: 4/4
  2025 | D:3      | Found a snail-covered altar of Cheibriados.
  2031 | D:3      | Found a glowing golden altar of the Shining One.
  2103 | D:3      | Reached XP level 6. HP: 53/61 MP: 5/5
  2603 | D:4      | Found a shimmering altar of Xom.
  2641 | D:4      | Reached skill level 5 in Maces & Flails
  3025 | D:4      | Reached skill level 1 in Shields
  3086 | D:4      | Reached XP level 7. HP: 37/60 MP: 6/6
  3186 | D:4      | Noticed a steam dragon
  3203 | D:4      | Found a white marble altar of Elyvilon.
  3373 | D:4      | Found an ornate altar of the Wu Jian Council.
  3582 | D:4      | Killed a steam dragon
  3583 | D:4      | Reached skill level 1 in Throwing
  3944 | D:5      | Entered Level 5 of the Dungeon
  4072 | D:5      | Reached skill level 6 in Maces & Flails
  4162 | D:5      | Found a shadowy altar of Dithmenos.
  4326 | D:5      | Reached XP level 8. HP: 76/78 MP: 7/7
  4397 | D:5      | Found a transporter.
  4402 | D:5      | Found a transporter.
  4404 | D:5      | Noticed Zeld's ghost (novice MiBe)
  4405 | D:5      | Found an ancient bone altar of Kikubaaqudgha.
  4615 | D:5      | Found a staircase to the Ecumenical Temple.
  4628 | Temple   | Entered the Ecumenical Temple
  4749 | Temple   | Became a worshipper of Hepliaklqana the Forgotten
  4749 | Temple   | Reached * piety under Hepliaklqana
  4749 | Temple   | Reached ** piety under Hepliaklqana
  4750 | Temple   | Remembered your ancestor Zorana as a battlemage
  5294 | D:6      | Found a shimmering blue altar of Sif Muna.
  5362 | D:6      | Identified the +1 leather armour of Indomitability {+Blink
                  | rElec}
  5478 | D:6      | Found Jesyno's Magic Scroll Emporium.
  5537 | D:6      | Reached skill level 7 in Maces & Flails
  5737 | D:6      | Found Tuopazio's Distillery.
  5951 | D:7      | Found Zuegergha's Distillery.
  5954 | D:7      | Identified the ring "Rida" {+Blink Str+6}
  6026 | D:7      | Reached XP level 9. HP: 74/76 MP: 8/8
  6048 | D:7      | Reached skill level 5 in Dodging
  6178 | D:7      | Reached *** piety under Hepliaklqana
  6214 | D:7      | Reached skill level 1 in Short Blades
  6910 | D:8      | Found a staircase to the Lair.
  7477 | D:8      | Reached skill level 5 in Fighting
  7767 | D:8      | Reached **** piety under Hepliaklqana
  7782 | D:8      | Reached XP level 10. HP: 49/86 MP: 9/9
  7784 | D:8      | Reached skill level 8 in Maces & Flails
  8197 | D:9      | Noticed a two-headed ogre
  8209 | D:9      | Killed a two-headed ogre
  8283 | D:9      | Noticed Harold
  8303 | D:9      | Killed Harold
  8304 | D:9      | Reached skill level 5 in Shields
  8577 | D:8      | Reached skill level 9 in Maces & Flails
  8680 | D:9      | Found Dosisae's Desiderata Depot.
  8722 | D:9      | Noticed Erolcha
  8722 | D:9      | Cast into level 2 of the Abyss (Erolcha)
  8749 | Abyss:2  | Noticed a daeva
  8758 | Abyss:2  | Noticed a smoke demon
  8771 | Abyss:2  | Noticed a bone dragon
  8805 | Abyss:2  | Noticed a starcursed mass
  8833 | Abyss:2  | Noticed a large abomination
  8836 | Abyss:2  | Noticed a starcursed mass
  8837 | Abyss:2  | Noticed a spatial maelstrom
  8838 | Abyss:2  | Noticed a starcursed mass
  8838 | Abyss:2  | Noticed a sixfirhy
  8838 | Abyss:2  | Noticed an angel
  8839 | Abyss:2  | Noticed a smoke demon
  8843 | Abyss:2  | Paralysed by accursed screaming for 1 turns
  8844 | Abyss:2  | Noticed a bone dragon
  8844 | Abyss:2  | Noticed a thrashing horror
  8846 | Abyss:2  | Slain by a sixfirhy

Illustrated notes

Levels and vault maps discovered:
D:1:      ebering_hopf_link, layout_basic, ebering_ecumenical_altar_mist
D:2:      kennysheep_the_goblin_king, layout_basic, serial_shops, shop,
          basic_altar
D:3:      layout_loops_corners, nicolae_overflow_hidden_temple,
          minmay_pentangle, uniq_sigmund
D:4:      kb_forest_paths, layout_loops_corners, mainiacjoe_overflow_alcove_2,
          nicolae_wu_jian_wuxing_cycle, mainiacjoe_overflow_six_doors_small,
          kennysheep_another_room, chequers_hall_statues_corner_a
D:5:      layout_loops_ring, mainiacjoe_overflow_catwalk, grunt_dithmenos_smoke,
          minmay_temple_entry_statues_pillars, gammafunk_ghost_hive,
          hangedman_decor_diamond_cutter
D:6:      layout_cave_pools, amcnicky_altar_gilded, serial_gnoll_camp,
          gnoll_camp_mini_shop, gnoll_camp_mini_house, gnoll_camp_mini_shop,
          gnoll_camp_mini_hut, minmay_holes
D:7:      layout_rooms, nicolae_stop_n_shop_2, lemuel_flamethrower_2
D:8:      kennysheep_six_static_rooms, layout_gridville
D:9:      layout_cave_pools, zombieorc2_lemuel, nicolae_alphabet_shops,
          uniq_harold, uniq_erolcha, uniq_erica
Temple:   nicolae_temple_figure_eight
Abyss:2:  base: D:1, minivault_11, onia_ninara_dug_in_and_dangerous,
          onia_ninara_dug_in_and_dangerous

Skill      XL: |  1  2  3  4  5  6  7  8  9 10 |
---------------+-------------------------------+-----
Maces & Flails | 3 4 5 6 7 9 |  9.0
Fighting       | 3 4 5 |  5.8
Dodging        | 3 4 6 7 |  7.1
Shields        | 1 2 3 4 5 |  5.4
Throwing       | 1 |  1.9
Stealth        | 2 3 |  3.0
Short Blades   | 2 3 |  3.0

Action                   |  1- 3 |  4- 6 |  7- 9 | 10-12 || total
-------------------------+-------+-------+-------+-------++-------
Melee: Mace              |   110 |   134 |   254 |       ||   498
       Punch             |     2 |       |       |       ||     2
       Short sword       |       |       |   113 |       ||   113
       Morningstar       |       |       |    20 |   122 ||   142
Throw: Stone             |    20 |       |    21 |     6 ||    47
Invok: Ancestor Life: Ba |       |       |     1 |       ||     1
       Recall Ancestor   |       |       |       |     1 ||     1
  Use: Scroll            |       |     3 |     6 |       ||     9
 Stab: Sleeping          |       |     4 |     3 |     1 ||     8
       Distracted        |       |       |     5 |     1 ||     6
Armor: Robe              |    54 |    59 |   183 |    44 ||   340
Dodge: Dodged            |    85 |    68 |   214 |   120 ||   487
Block: Kite shield       |       |    52 |   200 |   115 ||   367
